 Dungeon Crawl Stone Soup version 0.14-a0-2888-g61d0ccb (webtiles) character file.

4254 JEFFREY the Basher (level 10, -4/64 HPs)
             Began as a Gargoyle Fighter on Mar 1, 2014.
             Was a Believer of the Shining One.
             Killed by divine providence
             ... invoked by an orc priest
              (16 damage)
             ... on Level 7 of the Dungeon.
             The game lasted 00:31:32 (6368 turns).

JEFFREY the Basher (Gargoyle Fighter)               Turns: 6368, Time: 00:31:37

HP  -4/64        AC 26     Str 22      XL: 10   Next: 20%
MP  10/10        EV  6     Int  9      God: the Shining One [**....]
Gold 342         SH 22     Dex 10      Spells:  0 memorised,  9 levels left

rFire  . . .     SeeInvis .     F - +0,+2 flail (protect)
rCold  . . .     Clarity  .     y - -1 chain mail
rNeg   + + .     Conserve .     c - +0 shield
rPois  +         rCorr    .     x - +1 helmet
rElec  +         rRot     +     L - +0 cloak (curse)
SustAb . .       Spirit   .     (no gloves)
rMut   .         Warding  .     (no boots)
Saprov . . .     Stasis   .     (no amulet)
MR     .....                    m - +1 ring of protection
                                (no ring)

@: glowing, not resistant to hostile enchantments, extremely unstealthy
A: life protection 1, electricity resistance, unbreathing, petrification
resistance, AC +7
a: Divine Shield, Renounce Religion


You were on level 7 of the Dungeon.
You worshipped the Shining One.
The Shining One was pleased with you.
You were not hungry.

You visited 2 branches of the dungeon, and saw 8 of its levels.
You also visited: Sewer.

You collected 342 gold pieces.

Inventory:

Hand weapons
 a - a +0,+0 whip of flaming
 j - a +0,+2 flail
 F - a +0,+2 flail of protection (weapon)
Missiles
 J - 6 javelins (quivered)
Armour
 c - a +0 shield (worn)
 x - a +1 helmet (worn)
 y - a -1 chain mail (worn)
 L - a cursed +0 cloak (worn)
Magical devices
 H - a wand of confusion (1) {unknown}
 K - a wand of flame (8)
 M - a wand of cold (10) {unknown}
 P - a wand of flame (12)
Comestibles
 d - 8 bread rations
 g - 5 meat rations
 n - 18 cheeses
Scrolls
 b - 5 scrolls of identify
 k - 2 scrolls of teleportation {unknown}
 o - a scroll of enchant weapon II {unknown}
 q - 4 scrolls of magic mapping {unknown}
 r - a scroll of immolation {unknown}
 t - a scroll of noise {unknown}
 z - 2 scrolls of curse weapon {unknown}
 A - 2 scrolls of amnesia {unknown}
 B - a scroll of fear {unknown}
 D - 3 scrolls of remove curse
Jewellery
 i - an uncursed ring of flight
 m - a +1 ring of protection (right hand)
 I - the ring of Shaitirr {Hunger MR Dex+3 Int+4, unknown}
   (You found it on level 5 of the Dungeon)

   [ring of protection from magic]

   It affects your intelligence (+4).
   It affects your dexterity (+3).
   It speeds your metabolism.
 N - a cursed ring of sustenance {unknown}
Potions
 e - a potion of lignification
 f - a potion of paralysis {unknown}
 h - 5 potions of brilliance {unknown}
 l - a potion of speed
 p - a potion of invisibility {unknown}
 s - 4 potions of heal wounds
 u - a potion of magic {unknown}
 v - a potion of poison {unknown}
 w - 8 potions of curing {unknown}
 C - 2 potions of flight {unknown}
 E - a potion of might {unknown}
 G - a potion of agility {unknown}


   Skills:
 + Level 7.7 Fighting
 + Level 8.8 Maces & Flails
 - Level 3.2 Throwing
 + Level 8.4 Armour
 + Level 8.1 Shields


You had 9 spell levels left.
You didn't know any spells.

Dungeon Overview and Level Annotations

Branches:
Dungeon (7/16)             Temple (1/1) D:4

Altars:
Ashenzari
Cheibriados
Dithmenos
Elyvilon
Fedhas
Kikubaaqudgha
Makhleb
Nemelex Xobeh
Okawaru
Sif Muna
Trog
Vehumet
Xom
Yredelemnul
Zin
The Shining One

Shops:
D:5 (   D:6 :


Innate Abilities, Weirdness & Mutations

You are resistant to torment.
You are immune to poison.
Your stone body is very resilient (AC +7).
You resist negative energy.
You are resistant to electric shocks.
You can survive without breathing.
You are immune to petrification.


Message History

The crimson imp hits you but does no damage.
The orc wizard barely misses you.
You thump the orc priest!
You kill the orc priest!
The Shining One accepts your kill. You block the orc's attack.
The orc wizard hits you but does no damage.
The orc priest calls down the wrath of Beogh upon you.
Something smites you!
The crimson imp grinds its teeth.
You block the crimson imp's attack.
The orc wizard casts a spell.
The orc wizard flickers and vanishes for a moment.
The orc closely misses you.
You hear some strange, mumbled words.
The puff of flame hits you!
* * * LOW HITPOINT WARNING * * *
The orc priest invokes the aid of Beogh against you.
Something smites you!
You die...

##....##...#####..#.######.......
#....##...# #..#.# #.......
#....##...# #..#.# #..####.
#.....##...# #..#.# #..# ##
##.#..#....# #..#.# #... #
#....#....# #..#.# ##... #
#.#..+..... ..#.# #... # . #
#...#######.#.# #...# #
........o.@.#.# #...#
.......o.o5...# #..
...!..........######
..................#
..................#
..................#
.................#
.....#..........#
(...#..........#


You could see an orc priest, a crimson imp and 2 orcs.

Vanquished Creatures
  Pikel (D:5)
  2 wraiths (D:7)
  Eustachio (D:5)
  Menkaure (D:7)
  The ghost of wojtek the Cutter, an average KoAs (Sewer)
  A sky beast (D:7)
  A black bear (D:7)
  A centaur (D:5)
  4 ogres
  3 elf zombies (D:7)
  2 big kobolds (Sewer)
  Blork the orc (D:7)
  3 giant frogs
  11 wights
  A goliath beetle (D:7)
  2 crimson imps
  2 hounds
  2 human zombies (D:7)
  A centaur skeleton (D:6)
  Crazy Yiuf (D:5)
  An orange rat (D:7)
  2 orc priests
  A jelly (D:6)
  An iguana (D:7)
  A scorpion (D:5)
  A big fish (D:4)
  4 worker ants
  7 orc wizards
  A hound skeleton (D:4)
  A mummy (D:7)
  9 green rats
  11 adders
  A gnoll (D:3)
  A giant mite (D:1)
  A white imp (D:5)
  5 worms
  An iguana skeleton (D:4)
  3 orc skeletons
  A giant eyeball (D:5)
  4 oozes
  11 orcs
  7 ball pythons
  9 bats
  A bat skeleton (D:6)
  5 giant cockroaches
  8 goblins
  10 hobgoblins
  4 jackals
  28 kobolds
  4 quokkas
  2 giant geckos
  A giant newt (D:2)
  A hobgoblin zombie (D:6)
  A jackal zombie (D:6)
  A kobold skeleton (D:6)
  A kobold zombie (D:6)
  An orc zombie (D:7)
  A quokka skeleton (D:5)
  41 rats
236 creatures vanquished.

Vanquished Creatures (others)
  A hound (D:5)
  A scorpion (D:5)
  A worker ant (D:5)
  A green rat (D:5)
  A hobgoblin (D:5)
5 creatures vanquished.

Grand Total: 241 creatures vanquished

Notes
Turn   | Place    | Note
--------------------------------------------------------------
     0 | D:1      | JEFFREY, the Gargoyle Fighter, began the quest for the Orb.
     0 | D:1      | Reached XP level 1. HP: 14/14 MP: 1/1
   114 | D:1      | Reached XP level 2. HP: 17/19 MP: 2/2
   553 | D:1      | Reached XP level 3. HP: 23/23 MP: 3/3
   764 | D:2      | Reached skill level 4 in Maces & Flails
   994 | D:2      | Reached XP level 4. HP: 28/28 MP: 4/4
  1200 | D:2      | Reached skill level 5 in Maces & Flails
  1693 | D:3      | Found a shimmering altar of Xom.
  1699 | D:3      | Reached XP level 5. HP: 32/32 MP: 5/5
  2181 | D:4      | Noticed an ogre
  2204 | D:4      | Killed an ogre
  2204 | D:4      | Reached XP level 6. HP: 6/38 MP: 6/6
  2462 | D:4      | Found a glowing drain.
  2462 | D:4      | Noticed an ogre
  2476 | D:4      | Killed an ogre
  2493 | Sewer    | Entered a sewer
  2654 | Sewer    | Reached XP level 7. HP: 36/44 MP: 7/7
  2675 | Sewer    | Noticed wojtek's ghost (average KoAs)
  2696 | Sewer    | Killed wojtek's ghost
  2817 | Sewer    | Reached skill level 5 in Armour
  2817 | Sewer    | Reached skill level 5 in Shields
  2824 | Sewer    | Reached skill level 6 in Maces & Flails
  2883 | Sewer    | Reached skill level 5 in Fighting
  3413 | D:4      | Found a staircase to the Ecumenical Temple.
  3422 | Temple   | Entered the Ecumenical Temple
  3513 | Temple   | Became a worshipper of the Shining One
  3899 | D:5      | Entered Level 5 of the Dungeon
  4009 | D:5      | Reached XP level 8. HP: 45/49 MP: 8/8
  4026 | D:5      | Noticed Pikel
  4033 | D:5      | Noticed Eustachio
  4058 | D:5      | Killed Pikel
  4120 | D:5      | Killed Eustachio
  4405 | D:5      | Noticed Crazy Yiuf
  4409 | D:5      | Killed Crazy Yiuf
  4468 | D:5      | Reached skill level 7 in Maces & Flails
  4544 | D:5      | Reached XP level 9. HP: 53/55 MP: 9/9
  4568 | D:5      | Paralysed by a giant eyeball for 2 turns
  4576 | D:5      | Got a brightly glowing steel ring
  4577 | D:5      | Found Thasm's Antique Weapon Shop.
  5193 | D:6      | Found Craulag's Book Boutique.
  5470 | D:6      | Acquired the Shining One's first power
  5598 | D:7      | Noticed Menkaure
  5605 | D:7      | Killed Menkaure
  5680 | D:7      | Found a shimmering altar of Xom.
  5715 | D:7      | Reached skill level 8 in Maces & Flails
  5764 | D:7      | Found an ancient bone altar of Kikubaaqudgha.
  5917 | D:7      | Reached XP level 10. HP: 58/63 MP: 10/10
  6167 | D:7      | Acquired the Shining One's second power
  6249 | D:7      | Noticed Blork the orc
  6279 | D:7      | Killed Blork the orc
  6368 | D:7      | Killed from afar by an orc priest

Action                   |  1- 3 |  4- 6 |  7- 9 | 10-12 || total
-------------------------+-------+-------+-------+-------++-------
Melee: Mace              |   127 |   187 |   216 |       ||   530
       Flail             |       |       |   362 |   114 ||   476
       Whip              |       |       |    39 |       ||    39
Throw: Javelin           |       |       |     1 |     1 ||     2
Evoke: Wand              |       |       |     3 |       ||     3
  Use: Scroll            |     6 |       |     1 |       ||     7
       Potion            |       |     1 |       |     1 ||     2
